 Dungeon Crawl Stone Soup version 0.27-a0-660-g90476cec82 (webtiles) character file.

Game seed: 10139220479143681181

3 lunkers the Skirmisher (level 1, -2/24 HPs)
             Began as an Ogre Fighter on Mar 17, 2021.
             Slain by a goblin
             ... wielding a +0 club
              (4 damage)
             ... on level 1 of the Dungeon.
             The game lasted 00:00:25 (60 turns).

lunkers the Skirmisher (Ogre Fighter)                 Turns: 60, Time: 00:00:26

Health: -2/24      AC:  3    Str: 19    XL:     1   Next: 50%
Magic:  1/1        EV:  8    Int:  9    God:
Gold:   0          SH:  8    Dex:  8    Spells: 0/0 levels left

rFire    . . .     SeeInvis .   a - +0 flail
rCold    . . .     Faith    .   c - +0 kite shield
rNeg     . . .     Spirit   .   b - +0 robe
rPois    .         Reflect  .   (helmet restricted)
rElec    .         Harm     .   (no cloak)
rCorr    .         Rampage  .   (gloves unavailable)
Will     .....                  (boots unavailable)
Stlth    +.........             (no amulet)
HPRegen  0.08/turn              (no ring)
MPRegen  0.07/turn              (no ring)

@: no status effects
A: large, unfitting armour, tough skin 1
a: no special abilities


You were on level 1 of the Dungeon.
You visited 1 branch of the dungeon, and saw 1 of its levels.

Inventory:

Hand Weapons
 a - a +0 flail (weapon)
Armour
 b - a +0 robe (worn)
 c - a +0 kite shield (worn)
Potions
 d - a potion of might


   Skills:
 + Level 4.1 Fighting
 * Level 2.0 Maces & Flails
 - Level 2.6 Dodging
 - Level 2.6 Shields


You couldn't memorise any spells.
You didn't know any spells.
Your spell library was empty.

Dungeon Overview and Level Annotations

Branches:
Dungeon (1/15)

Altars:


Innate Abilities, Weirdness & Mutations

You are too large for most types of armour.
You have tough skin. (AC +1)


Message History

You closely miss the kobold. You block the bat's attack. The kobold misses you.
You closely miss the kobold. The bat barely misses you.
The kobold hits you with a +0 short sword.
You block the kobold's attack.
You barely miss the kobold. You block the bat's attack.
The kobold hits you with a +0 short sword.
* * * LOW HITPOINT WARNING * * *
You completely miss the kobold. The bat hits you but does no damage. x2
You block the kobold's attack. x2
You closely miss the kobold. You block the bat's attack. The kobold misses you.
You sock the kobold!
You kill the kobold!
You block the bat's attack. The bat closely misses you.
You hit the bat.
You kill the bat!
Found 2 scrolls labelled SAPSON PAVIKHLA.
Things that are here:
a bat corpse; a rat corpse A goblin comes into view.
You are too injured to fight recklessly!
You are too injured to fight recklessly!
The goblin shouts!
You see here a +0 short sword.
You hit the goblin.
You kill the goblin!
Your Maces & Flails skill increases to level 2!
A goblin comes into view. It is wielding a +0 club.
You see here a goblin corpse.
The goblin shouts!
The goblin hits you with a +0 club.
* * * LOW HITPOINT WARNING * * *
You miss the goblin. The goblin completely misses you.
You barely miss the goblin. You block the goblin's attack.
The goblin hits you with a +0 club.
* * * LOW HITPOINT WARNING * * *
You hit the goblin but do no damage. You block the goblin's attack.
You barely miss the goblin. The goblin hits you with a +0 club.
* * * LOW HITPOINT WARNING * * *
The goblin hits you with a +0 club.
You die...

......? #.........#
#########.........# .
........#........# ..
#####.#.# .......# ...
...#.##.# #..#.# ....
###.#.#.####....# .....
..#.#.#.#..†...###......
..#.#.#.###.)..†@g......
..+.#.#.'.'..#..###.....
..#.#.#.###..##.# ###
..#.#.#.#...###.#
###.#.#.#...# #.# .#.
#.##..# #.# #.##... ..#
..#..## ... ###


You could see a goblin.

Vanquished Creatures
  A goblin (D:1)
  A bat (D:1)
  A kobold (D:1)
  A rat (D:1)
4 creatures vanquished.

Notes
Turn   | Place    | Note
-------+----------+-------------------------------------------
     0 | D:1      | lunkers the Ogre Fighter began the quest for the Orb.
     0 | D:1      | Reached XP level 1. HP: 24/24 MP: 1/1
    60 | D:1      | Slain by a goblin

Illustrated notes

Levels and vault maps discovered:
D:1:      matt_arrival_los_fun, layout_rooms

Skill      XL: |  1 |
---------------+----+-----
Maces & Flails | 2 |  2.0
Fighting       | |  4.1
Dodging        | |  2.6
Shields        | |  2.6

Action                   || total
-------------------------++-------
Melee: Flail             ||    16
Armor: Robe              ||     5
Dodge: Dodged            ||     8
Block: Kite shield       ||    10

Table legend: (Time is in decaauts)
 A = Elapsed time spent in this place.
 B = Non-inter-level travel time spent in this place.
 C = Inter-level travel time spent in this place.
 D = Time resting spent in this place.
 E = Time spent auto-exploring this place.
 F = Levels seen in this place.
 G = Mean time per level.
                   A        B        C        D        E       F      G
               +--------+--------+--------+--------+--------+-----+--------+
         Total |     67 |     67 |      0 |      0 |     36 |   1 |   67.0 |
       Dungeon |     67 |     67 |      0 |      0 |     36 |   1 |   67.0 |
               +--------+--------+--------+--------+--------+-----+--------+

Top non-repeatable levels by time:
     D:1: 67 daAuts
